 Dungeon Crawl Stone Soup version 0.30.0-7-g0c4daa9e05 (webtiles) character file.

Game seed: 4469990164153786357

3964 Atelerd the Thaumaturge (level 10, -2/56 HPs)
             Began as an Octopode Earth Elementalist on May 13, 2023.
             Hit by a large rock thrown by a cyclops (42 damage)
             ... on level 7 of the Dungeon.
             The game lasted 00:09:31 (8197 turns).

Atelerd the Thaumaturge (OpEE)                      Turns: 8197, Time: 00:09:31

Health: -2/56      AC:  5    Str:  9    XL:     10   Next: 22%
Magic:  4/23       EV: 14    Int: 21    God:
Gold:   377        SH:  0    Dex: 14    Spells: 22/27 levels left

rFire   . . .        b - +3 short sword (flame)
rCold   + . .        (no shield)
rNeg    . . .        (helmet restricted)
rPois   +            (no amulet)
rElec   +            g - ring of poison resistance
rCorr   .            v - ring of Hard Scrabble {rElec rC+ AC+4 Dex+2}
SInv    .            (no ring)
Will    .....        (no ring)
Stlth   ++++         (no ring)
HPRegen 0.29/turn    (no ring)
MPRegen 0.18/turn    (no ring)
                     (no ring)

%: no passive effects
@: no status effects
A: almost no armour, amphibious, 8 rings, camouflage 1, gelatinous body 1,
(nimble swimmer 1), tentacles
a: no special abilities


You were on level 7 of the Dungeon.
You visited 1 branch of the dungeon, and saw 7 of its levels.
You also visited: Ossuary.

You collected 377 gold pieces.

Inventory:

Hand Weapons
 b - a +3 short sword of flaming (weapon)
Armour
 e - a +0 buckler
Jewellery
 g - a ring of poison resistance (left tentacle)
 v - the ring of Hard Scrabble (right tentacle) {rElec rC+ AC+4 Dex+2}
   (You found it on level 6 of the Dungeon)

   [ring of protection]

   AC:        It affects your AC (+4).
   Dex:       It affects your dexterity (+2).
   rC:        It protects you from cold.
   rElec:     It insulates you from electricity.
Wands
 m - a wand of paralysis (5)
Scrolls
 f - 4 scrolls of amnesia
 h - 2 scrolls of immolation
 k - 3 scrolls of teleportation
 l - 2 scrolls of identify
 q - a scroll of enchant armour
 r - 3 scrolls of noise
 t - a scroll of fear
 w - a scroll of blinking
 A - 2 scrolls of magic mapping
Potions
 a - a potion of magic
 c - a potion of brilliance {unknown}
 d - a potion of ambrosia
 i - 3 potions of cancellation
 j - a potion of might {unknown}
 o - a potion of lignification
 p - a potion of resistance {unknown}
 s - a potion of flight {unknown}
 u - 2 potions of attraction {unknown}
 x - a potion of heal wounds {unknown}
 z - a potion of degeneration {unknown}


   Skills:
 - Level 3.0 Short Blades
 + Level 3.3 Dodging
 + Level 7.1 Stealth
 + Level 0.6 Shields
 + Level 9.3 Spellcasting
 - Level 4.0 Transmutations
 - Level 8.0 Earth Magic


You had 22 spell levels left.
You knew the following spells:

 Your Spells              Type           Power      Damage    Failure   Level
a - Sandblast             Erth           86%        2d18      1%          1
p - Petrify               Tmut/Erth      35%        N/A       6%          4

Your spell library contained the following spells:

 Spells                   Type           Power      Damage    Failure   Level
 Passwall                 Tmut/Erth      29%        N/A       1%          2
 Stone Arrow              Conj/Erth      52%        3d10      4%          3
 Apportation              Tloc           18%        N/A       7%          1
 Necrotise                Necr           36%        1d5       7%          1
 Summon Small Mammal      Summ           36%        N/A       7%          1
 Poisonous Vapours        Pois/Air       18%        N/A       11%         2
 Mephitic Cloud           Conj/Pois/Air  9%         N/A       21%         3
 Tukima's Dance           Hex            9%         N/A       21%         3
 Passage of Golubria      Tloc           9%         N/A       56%         4
 Yara's Violent Unravell  Hex/Tmut       9%         3d6       63%         5
 Freezing Cloud           Conj/Ice/Air   4%         6-21      88%         5


Dungeon Overview and Level Annotations

Branches:
Dungeon (7/15)             Temple (0/1) D:7         Ossuary (visited)

Altars:
Dithmenos

Shops:
D:6 [

Annotations:
D:3 2 transporters
D:6 exclusion: downstairs


Innate Abilities, Weirdness & Mutations

You cannot wear most types of armour.
You are amphibious.
You can wear up to eight rings at the same time.
Your skin changes colour to match your surroundings (Stealth+).
Your rubbery body absorbs attacks. (AC +1, EV +1)
((You are camouflaged when in or above water. (Stealth+)))
You have tentacles for arms and can constrict up to eight enemies at once.


Message History

Aim: a cyclops, quivering large rocks (wandering, hasn't noticed you, chance to affect: 46%)
The cyclops shouts!
The cyclops resists with some effort.
Unknown command.
Casting: Petrify (dangerous; 6% risk of failure)
Confirm with . or Enter, or press ? or * to list all spells.
Aiming: Petrify (dangerous; 6% risk of failure)
Press: ? - help, Shift-Dir - straight line, f/p - cyclops
Aim: a cyclops, quivering large rocks (chance to affect: 46%)
The cyclops resists with some effort.
The cyclops throws a large rock.
The large rock barely misses you.
Unknown command.
Casting: Petrify (dangerous; 6% risk of failure)
Confirm with . or Enter, or press ? or * to list all spells.
Okay, then.
Casting: Petrify (dangerous; 6% risk of failure)
Confirm with . or Enter, or press ? or * to list all spells.
Aiming: Petrify (dangerous; 6% risk of failure)
Press: ? - help, Shift-Dir - straight line, f/p - cyclops
Aim: a cyclops, quivering large rocks (chance to affect: 46%)
The cyclops resists with some effort.
Unknown command.
Casting: Petrify (dangerous; 6% risk of failure)
Confirm with . or Enter, or press ? or * to list all spells.
Aiming: Petrify (dangerous; 6% risk of failure)
Press: ? - help, Shift-Dir - straight line, f/p - cyclops
Aim: a cyclops, quivering large rocks (chance to affect: 46%)
The cyclops resists with some effort.
Unknown command.
Casting: Petrify (dangerous; 6% risk of failure)
Confirm with . or Enter, or press ? or * to list all spells.
Aiming: Petrify (dangerous; 6% risk of failure)
Press: ? - help, Shift-Dir - straight line, f/p - cyclops
Aim: a cyclops, quivering large rocks (chance to affect: 46%)
The cyclops is moving more slowly.
Unknown command.
The cyclops throws a large rock.
The large rock hits you!
The cyclops throws a large rock.
The large rock hits you!!!
Ouch! That really hurt!
You die...

#
*##,#.#♣..♣...#...♣..♣##..P.~~⌠
#
#.,#.#♣♣...♣...♣...♣♣##...P.~~
# #C,#.# #####♣.♣#####
#....♣♣.~ #
##5##.#♣♣♣♣♣♣...♣♣♣♣♣♣#...P♣♣P.
#
#.....#♣.♣.♣.~~~.♣.♣.♣#...PP..P
#
#.♣♣♣.#......~C~......#........
#
#.....#♣.♣.♣.~~~.♣.♣.♣#.......)
#######♣♣♣♣♣♣...♣♣♣♣♣♣#...###..
##..########@##########......
#...(................###.....
##.######...........#.##......
##..# ##............##......
###..## ##........#####......
.....# ##.....†.# #.......
.....#### ##......####.......
........## ##................
......>..### ##...............


You could see a cyclops (petrifying).

Vanquished Creatures
  Joseph (D:7)
  Sigmund (D:2)
  A wyvern (D:7)
  A steam dragon (D:7)
  A water moccasin (D:7)
  3 orc warriors (D:7)
  4 ice beasts
  2 black bears
  2 sky beasts (D:7)
  2 centaurs
  3 ogres
  A phantom (D:4)
  A gnoll sergeant (D:7)
  2 bullfrogs
  4 scorpions
  A wight (D:7)
  2 howler monkeys (D:7)
  8 hounds
  2 jellies
  An orc priest (D:7)
  A gnoll bouda (D:7)
  3 sleepcaps
  3 iguanas
  3 orc wizards (D:7)
  Natasha (thrice) (D:3)
  12 mummies (Ossuary)
  7 adders
  4 gnolls
  3 shadow imps
  4 white imps
  An ufetubus (D:6)
  4 worms
  4 dart slugs
  12 orcs
  5 endoplasms
  5 giant cockroaches
  7 goblins
  5 hobgoblins
  4 kobolds
  2 quokkas
  6 ball pythons
  8 bats
  5 gnoll skeletons (Ossuary)
  3 goblin skeletons (Ossuary)
  6 rats
  11 rat skeletons (Ossuary)
174 creatures vanquished.

Notes
Turn   | Place    | Note
-------+----------+-------------------------------------------
     0 | D:1      | Atelerd the Octopode Earth Elementalist began the quest for
                  | the Orb.
     0 | D:1      | Reached XP level 1. HP: 11/11 MP: 3/3
   139 | D:1      | Reached XP level 2. HP: 11/17 MP: 1/5
   455 | D:1      | Reached XP level 3. HP: 21/21 MP: 4/6
   902 | D:2      | Reached XP level 4. HP: 27/27 MP: 5/7
  1012 | D:2      | Learned a level 4 spell: Petrify
  1149 | D:2      | Noticed Sigmund
  1155 | D:2      | Killed Sigmund
  1156 | D:2      | Reached skill level 3 in Spellcasting
  1156 | D:2      | Reached XP level 5. HP: 26/31 MP: 4/9
  1156 | D:2      | Reached XP level 6. HP: 30/36 MP: 4/10
  1509 | D:3      | Found a transporter.
  1648 | D:3      | Noticed Natasha
  1654 | D:3      | Killed Natasha
  1811 | D:3      | Noticed Natasha
  1815 | D:3      | Killed Natasha
  1948 | D:3      | Found a transporter.
  1952 | D:3      | Noticed Natasha
  2019 | D:3      | Killed Natasha
  2609 | D:4      | Noticed an ice beast
  2623 | D:4      | Killed an ice beast
  2624 | D:4      | Reached skill level 5 in Stealth
  2624 | D:4      | Reached XP level 7. HP: 41/41 MP: 7/12
  3288 | D:4      | Reached skill level 4 in Spellcasting
  3606 | D:4      | Reached skill level 5 in Earth Magic
  3672 | D:5      | Entered Level 5 of the Dungeon
  3677 | D:5      | Reached XP level 8. HP: 46/46 MP: 11/14
  4042 | D:5      | Reached skill level 1 in Short Blades
  4665 | D:6      | Reached skill level 5 in Spellcasting
  4816 | D:6      | Found a shadowy altar of Dithmenos.
  5008 | D:6      | Identified the ring of Hard Scrabble {rElec rC+ AC+4 Dex+2}
  5081 | D:6      | Found Lobris Jono's Antique Armour Shoppe.
  5299 | D:7      | Reached XP level 9. HP: 48/51 MP: 14/17
  5323 | D:6      | Reached skill level 6 in Spellcasting
  5658 | D:7      | Found a sand-covered staircase.
  5663 | Ossuary  | Entered an ossuary
  6161 | D:7      | Found a staircase to the Ecumenical Temple.
  6229 | D:7      | Noticed Joseph
  6236 | D:7      | HP: 2/51 [Joseph/+0 quarterstaff (14)]
  6245 | D:7      | HP: 2/76 [Joseph/+0 quarterstaff (14)]
  6247 | D:7      | Killed Joseph
  6248 | D:7      | Reached skill level 7 in Spellcasting
  7176 | D:7      | Reached skill level 8 in Spellcasting
  7304 | D:7      | Noticed a troll
  7304 | D:7      | Noticed a cyclops
  7591 | D:7      | Reached XP level 10. HP: 55/56 MP: 15/22
  7690 | D:7      | Reached skill level 9 in Spellcasting
  8197 | D:7      | Hit by a large rock thrown by a cyclops

Illustrated notes

Levels and vault maps discovered:
D:1:      elethiomel_arrival_infinity_welcomes_careful_drivers, layout_rooms
D:2:      layout_rooms, uniq_sigmund
D:3:      gammafunk_wand_slinger, layout_basic, uniq_natasha
D:4:      layout_loops_ring
D:5:      layout_basic
D:6:      layout_basic, grunt_dithmenos_smoke_and_mirrors, serial_shops,
          nicolae_shop_tiny_glass
D:7:      nzn_winding_woodlands_three_and_one [nzn_winding_woodlands_5x15_pool,
          nzn_winding_woodlands_5x15_twine,
          nzn_winding_woodlands_5x15_river_crossing,
          nzn_winding_woodlands_center_lodge], layout_cave_pods,
          minmay_temple_entry_mini_moons, nicolae_ossuary_entry_false_entrances,
          serial_park, serial_park_square1 [serial_park_minivault_5x5_2],
          serial_park_square3 [serial_park_minivault_5x5_7],
          hangedman_minor_gate_pass, uniq_joseph

Skill      XL: |  1  2  3  4  5  6  7  8  9 10 |
---------------+-------------------------------+-----
Stealth        | 3 4 5 6 7 |  7.1
Transmutations | 2 3 4 |  4.0
Dodging        | 3 |  3.3
Spellcasting   | 3 4 5 8 9 |  9.3
Earth Magic    | 4 5 6 8 |  8.0
Short Blades   | 3 |  3.0
Shields        | |  0.6

Action                     |  1- 3 |  4- 6 |  7- 9 | 10-12 || total
---------------------------+-------+-------+-------+-------++-------
  Melee: Unarmed           |     2 |       |       |       ||     2
         Short sword       |    21 |    25 |    92 |    14 ||   152
         Constrict         |     7 |     6 |    25 |     2 ||    40
         Tentacles         |     5 |     6 |    26 |     6 ||    43
         Punch             |       |     1 |     1 |       ||     2
   Cast: Sandblast         |    30 |    31 |   163 |    16 ||   240
         Petrify           |       |     1 |    25 |    10 ||    36
    Use: Scroll            |       |       |    11 |       ||    11
         Potion            |       |       |     9 |       ||     9
   Stab: Sleeping          |     1 |     2 |     6 |     6 ||    15
         Petrified         |       |     7 |    22 |     1 ||    30
 Armour: Skin              |     5 |     1 |    30 |     6 ||    42
  Dodge: Dodged            |    25 |    18 |   121 |     4 ||   168
